 Dungeon Crawl Stone Soup version 0.29-a0-364-g921d912d32 (webtiles) character file.

Game seed: 13232412734237825842

4900 pokeman the Thaumaturge (level 10, -8/56 HPs)
             Began as a Deep Elf Hedge Wizard on Apr 30, 2022.
             Was a Believer of Vehumet.
             Mangled by an orc knight
             ... wielding a +0 halberd
              (28 damage)
             ... in a bailey.
             The game lasted 00:30:48 (10809 turns).

pokeman the Thaumaturge (Deep Elf Hedge Wizard)    Turns: 10809, Time: 00:30:49

Health: -8/56      AC:  6    Str:  7    XL:     10   Next: 27%
Magic:  18/29      EV: 12    Int: 33    God:    Vehumet [**....]
Gold:   744        SH:  0    Dex: 14    Spells: 19/35 levels left

rFire   + + .      SeeInvis .   y - +12 dire flail of Premature Burial {flame, rF+ Int+3}
rCold   x . .      Faith    .   (shield currently unavailable)
rNeg    . . .      Spirit   .   r - +0 leather armour
rPois   .          Reflect  .   o - +1 helmet
rElec   .          Harm     .   (no cloak)
rCorr   .          Rampage  .   (no gloves)
Will    +....                   b - +0 pair of boots
Stlth   ++........              (no amulet)
HPRegen 0.18/turn               j - ring of fire
MPRegen 0.21/turn               F - +6 ring of intelligence

@: no status effects
A: no striking features
a: Renounce Religion


You were in a bailey.
You worshipped Vehumet.
Vehumet was pleased with you.
You visited 2 branches of the dungeon, and saw 10 of its levels.
You also visited: Bailey.

You collected 744 gold pieces.

Inventory:

Hand Weapons
 p - a +0 dagger of venom
 y - the +12 dire flail of Premature Burial (weapon) {flame, rF+ Int+3}
   (You took it off an ogre on level 4 of the Dungeon)

   It burns those it strikes, dealing additional fire damage.
   Int:       It affects your intelligence (+3).
   rF:        It protects you from fire.
 z - a +0 shortbow
Armour
 b - a +0 pair of boots (worn)
 o - a +1 helmet (worn)
 r - a +0 leather armour (worn)
Jewellery
 j - a ring of fire (left hand)
 F - a +6 ring of intelligence (right hand)
 K - a +4 ring of protection
Wands
 x - a wand of acid (5)
 A - a wand of flame (39)
 B - a wand of iceblast (18)
 D - a wand of charming (4)
 J - a wand of paralysis (4)
Scrolls
 a - 3 scrolls of identify
 c - a scroll of blinking
 i - 2 scrolls of teleportation
 m - 4 scrolls of noise
 s - 2 scrolls of immolation {unknown}
 u - 5 scrolls of enchant armour
 v - 2 scrolls of enchant weapon {unknown}
 w - 2 scrolls of amnesia {unknown}
 C - a scroll of vulnerability {unknown}
 E - a scroll of holy word {unknown}
 G - 2 scrolls of fog {unknown}
 H - a scroll of fear {unknown}
 I - a scroll of silence {unknown}
Potions
 d - 4 potions of magic
 e - 3 potions of curing {unknown}
 f - 4 potions of heal wounds {unknown}
 g - 2 potions of lignification {unknown}
 h - 3 potions of might {unknown}
 l - 2 potions of cancellation {unknown}
 n - a potion of mutation {unknown}
 q - a potion of resistance {unknown}
 t - 4 potions of brilliance {unknown}


   Skills:
 - Level 4.0 Fighting
 + Level 3.2 Armour
 - Level 3.3 Dodging
 - Level 3.0 Stealth
 * Level 13.1 Spellcasting
 + Level 7.5 Conjurations
 - Level 1.1 Summonings
 - Level 1.1 Translocations
 + Level 6.7 Fire Magic
 - Level 1.0 Air Magic
 - Level 1.0 Poison Magic


You had 19 spell levels left.
You knew the following spells:

 Your Spells              Type           Power      Damage    Failure   Level
a - Magic Dart            Conj           100%       1d8       1%          1
b - Mephitic Cloud        Conj/Pois/Air  42%        N/A       2%          3
c - Call Imp              Summ           29%        N/A       3%          2
d - Blink                 Tloc           58%        N/A       3%          2
e - Conjure Flame         Conj/Fire      80%        6-21      1%          3
f - Foxfire               Conj/Fire      100%       2x1d9     1%          1
g - Flame Wave            Conj/Fire      80%        2d14      1%          4

Your spell library contained the following spells:

 Spells                   Type           Power      Damage    Failure   Level
 Shock                    Conj/Air       100%       1d9       1%          1
 Inner Flame              Hex/Fire       60%        N/A       2%          3
 Slow                     Hex            84%        N/A       3%          1
 Ensorcelled Hibernation  Hex/Ice        42%        N/A       4%          2
 Call Canine Familiar     Summ           29%        N/A       6%          3
 Gell's Gravitas          Tloc           29%        N/A       6%          3
 Teleport Other           Tloc           29%        N/A       6%          3
 Portal Projectile        Hex/Tloc       50%        N/A       7%          3
 Spider Form              Tmut/Pois      25%        N/A       8%          3
 Anguish                  Hex/Necr       10%        N/A       30%         4
 Leda's Liquefaction      Hex/Erth       10%        N/A       30%         4
 Dispersal                Tloc           14%        N/A       96%         6


Dungeon Overview and Level Annotations

Branches:
Dungeon (9/15)             Temple (1/1) D:4          Bailey (1/1)
   Lair: D:8-11         Orc: D:9-12

Altars:
Ashenzari
Dithmenos
Kikubaaqudgha
Makhleb
Ru
Trog
Vehumet
Xom
Yredelemnul

Annotations:
D:5 Loot behind rock


Message History

You feel a surge of power!
You conjure some foxfire!
The foxfire hits the orc but does no damage.
The orc closely misses you.
Unknown command.
The foxfire hits the orc warrior.
The orc warrior is lightly wounded.
The foxfire hits the orc.
The orc is moderately wounded.
The foxfire hits the orc but does no damage.
The orc is moderately wounded.
The orc closely misses you.
You hit the orc. You burn the orc.
You kill the orc!
Vehumet accepts your kill.
You feel your power returning.
Your crimson imp blinks!
Unknown command.
Your crimson imp blinks!
The orc knight seems less confused.
Casting: Foxfire (safe; 1% risk of failure)
Confirm with . or Enter, or press ? or * to list all spells.
Aiming: Mephitic Cloud (dangerous; 2% risk of failure)
Press: ? - help, Shift-Dir - straight line The ball explodes into a vile cloud!
The stinking cloud engulfs the orc knight but does no damage.
The orc knight is heavily wounded.
The orc knight is engulfed in noxious fumes.
The orc knight appears confused.
The orc knight says, "I'm a little confused."
Unknown command.
The orc knight hits you with a +0 halberd!
Things that are here:
a +0 halberd; a +0 ring mail You sock the orc knight!
You burn the orc knight.
The orc knight is severely wounded.
You thump the orc knight! You burn the orc knight.
The orc knight is almost dead.
The orc knight hits you with a +0 halberd!!
Ouch! That really hurt!
You die...

♣..................'..#
♣..............o...)..#
♣..∩...[§...o...§..#..#
♣.........######...#
♣♣........)≈≈≈≈o...#
♣♣♣....♣°.≈≈≈≈o♣.##
###..)°°≈≈≈≈o..#
##.♣..≈≈≈≈♣..#
#.@o≈≈≈≈≈♣ .#
#♣.≈≈≈≈≈♣♣ ♣♣≈≈≈≈≈♣
#######


You could see an orc knight (confused), an orc warrior and 2 orcs.

Vanquished Creatures
  2 unseen horrors (D:7)
  A kobold demonologist (D:4)
  A wraith (D:7)
  A wyvern (D:8)
  An acid dragon (D:9)
  3 water moccasins
  4 ice beasts
  6 orc warriors
  2 sky beasts (D:7)
  A black bear (D:6)
  5 ogres
  2 centaurs (D:5)
  A phantom (D:6)
  A kobold brigand (D:6)
  A bullfrog (D:7)
  3 scorpions
  A necrophage (D:4)
  2 electric eels (D:5)
  5 orc priests
  2 hounds
  4 jellies
  2 orc wizards (D:7)
  4 iguanas
  Robin (D:2)
  8 adders
  A gnoll (D:7)
  3 shadow imps
  A white imp (D:6)
  3 ufetubi (D:5)
  A worm (D:2)
  A dart slug (D:3)
  36 orcs
  10 ball pythons
  4 endoplasms
  5 giant cockroaches
  17 goblins
  5 hobgoblins (D:2)
  7 kobolds
  5 quokkas
  5 bats
  3 frilled lizards
  6 rats
177 creatures vanquished.

Vanquished Creatures (collateral kills)
  The ghost of hgbash the Chiller, an amateur BaIE (D:4)
  A vampire mosquito (D:7)
2 creatures vanquished.

Vanquished Creatures (others)
  An electric eel (D:5)
  An orc (D:9)
  211 foxfires
  A plant (D:5)
214 creatures vanquished.

Grand Total: 393 creatures vanquished

Notes
Turn   | Place    | Note
-------+----------+-------------------------------------------
     0 | D:1      | pokeman the Deep Elf Hedge Wizard began the quest for the
                  | Orb.
     0 | D:1      | Reached XP level 1. HP: 10/10 MP: 7/7
   327 | D:1      | Reached XP level 2. HP: 16/16 MP: 1/9
   810 | D:1      | Found a faded altar of an unknown god.
  1497 | D:2      | Reached skill level 5 in Spellcasting
  1497 | D:2      | Reached XP level 3. HP: 20/20 MP: 4/11
  1503 | D:2      | Learned a level 3 spell: Mephitic Cloud
  1506 | D:2      | Learned a level 2 spell: Call Imp
  1509 | D:2      | Learned a level 2 spell: Blink
  1513 | D:2      | Learned a level 3 spell: Conjure Flame
  1858 | D:2      | Noticed Robin
  1863 | D:2      | Reached skill level 1 in Fighting
  1968 | D:2      | Reached skill level 1 in Armour
  2064 | D:2      | Killed Robin
  2065 | D:2      | Reached XP level 4. HP: 25/25 MP: 5/13
  2388 | D:2      | Found a basalt altar of Yredelemnul.
  2773 | D:3      | Reached skill level 1 in Fire Magic
  3013 | D:3      | Reached skill level 6 in Spellcasting
  3013 | D:3      | Reached XP level 5. HP: 29/29 MP: 9/15
  3309 | D:3      | Reached skill level 1 in Air Magic
  3781 | D:4      | Reached XP level 6. HP: 34/34 MP: 0/17
  3948 | D:4      | Reached skill level 1 in Poison Magic
  4071 | D:4      | Found a transporter.
  4085 | D:4      | Found a transporter.
  4240 | D:4      | Noticed a kobold demonologist
  4435 | D:4      | Found a transporter.
  4436 | D:4      | Identified the +12 dire flail of Premature Burial {flame,
                  | rF+ Int+3}
  4439 | D:4      | Found a transporter.
  4440 | D:4      | Noticed hgbash's ghost (amateur BaIE)
  4485 | D:4      | Found a staircase to the Ecumenical Temple.
  4492 | Temple   | Entered the Ecumenical Temple
  4497 | Temple   | Became a worshipper of Vehumet
  4551 | D:4      | Reached skill level 7 in Spellcasting
  4960 | D:4      | Reached XP level 7. HP: 19/39 MP: 0/20
  5192 | D:4      | Killed a kobold demonologist
  5193 | D:4      | Reached skill level 8 in Spellcasting
  5365 | D:4      | Killed hgbash's ghost
  5366 | D:4      | Reached XP level 8. HP: 4/44 MP: 7/22
  5679 | D:5      | Entered Level 5 of the Dungeon
  5732 | D:5      | Reached skill level 9 in Spellcasting
  5955 | D:5      | Found a transporter.
  5960 | D:5      | Reached skill level 5 in Conjurations
  5998 | D:5      | Found a transporter.
  6257 | D:5      | Learned a level 1 spell: Foxfire
  6262 | D:5      | Learned a level 4 spell: Flame Wave
  6371 | D:5      | Reached skill level 10 in Spellcasting
  6677 | D:5      | Reached * piety under Vehumet
  6677 | D:5      | Offered knowledge of Freeze by Vehumet.
  7303 | D:6      | Reached XP level 9. HP: 48/48 MP: 18/25
  7429 | D:6      | Reached skill level 5 in Fire Magic
  7573 | D:6      | Reached skill level 11 in Spellcasting
  8261 | D:7      | Killed an unseen horror
  8415 | D:7      | Killed an unseen horror
  8652 | D:7      | Reached skill level 12 in Spellcasting
  9338 | D:7      | Offered knowledge of Shock by Vehumet.
  9340 | D:7      | Reached ** piety under Vehumet
  9639 | D:7      | Reached XP level 10. HP: 56/56 MP: 13/28
 10473 | D:9      | Found a flagged portal.
 10560 | Bailey   | Entered a bailey
 10725 | Bailey   | Reached skill level 13 in Spellcasting
 10770 | Bailey   | Noticed an orc knight
 10809 | Bailey   | Mangled by an orc knight

Illustrated notes

Levels and vault maps discovered:
D:1:      dpeg_arrival_round_c, layout_basic,
          shapermc_ecumenical_altar_hornbeckon
D:2:      layout_basic, basic_altar, st_stairs_4, nicolae_figureground_pulse,
          uniq_robin
D:3:      layout_loops_ring, minmay_starry_boxes
D:4:      gammafunk_wand_slinger, layout_basic,
          minmay_temple_entry_enclosed_plants, gammafunk_ghost_smash,
          minmay_ruptured
D:5:      gammafunk_steamed_eel, layout_basic, hangedman_glass_teeth,
          hangedman_decor_push, grunt_decor_arrowhead, due_unseen_surprise
D:6:      layout_cave_pools, serial_bayou_pond_c
D:7:      minmay_chambers_of_sixes, layout_basic, kennysheep_generic_room_11
D:8:      layout_rooms
D:9:      layout_cave_pods, enter_bailey_2, kb_rosetta
Temple:   compressed_dpeg_triangle_lava_temple
Bailey:   bailey_polearm_elven_captive_hellmonk, bailey

Skill      XL: |  1  2  3  4  5  6  7  8  9 10 |
---------------+-------------------------------+-----
Spellcasting   | 5 6 7 8 10 12 13 | 13.1
Fighting       | 1 2 3 4 |  4.0
Armour         | 1 2 3 |  3.2
Conjurations   | 2 3 4 5 7 |  7.5
Fire Magic     | 1 2 3 4 6 |  6.7
Dodging        | 3 |  3.3
Air Magic      | 1 |  1.0
Poison Magic   | 1 |  1.0
Stealth        | 3 |  3.0
Summonings     | |  1.1
Translocations | |  1.1

Action                   |  1- 3 |  4- 6 |  7- 9 | 10-12 || total
-------------------------+-------+-------+-------+-------++-------
Melee: Dagger            |    11 |    13 |       |       ||    24
       Dire flail        |       |       |    40 |    19 ||    59
 Cast: Magic Dart        |    90 |   115 |    59 |       ||   264
       Mephitic Cloud    |     1 |     7 |    28 |     9 ||    45
       Conjure Flame     |       |     7 |    21 |     3 ||    31
       Call Imp          |       |     2 |     6 |     2 ||    10
       Blink             |       |     1 |     3 |       ||     4
       Foxfire           |       |       |    99 |    22 ||   121
  Use: Scroll            |       |       |       |     5 ||     5
 Stab: Confused          |     2 |       |     3 |     3 ||     8
       Sleeping          |     1 |       |       |       ||     1
Armor: Robe              |     3 |     3 |       |       ||     6
       Leather armour    |       |     3 |    15 |     4 ||    22
Dodge: Dodged            |    10 |    14 |    22 |    18 ||    64

Table legend: (Time is in decaauts)
 A = Elapsed time spent in this place.
 B = Non-inter-level travel time spent in this place.
 C = Inter-level travel time spent in this place.
 D = Time resting spent in this place.
 E = Time spent auto-exploring this place.
 F = Levels seen in this place.
 G = Mean time per level.
                   A        B        C        D        E       F      G
               +--------+--------+--------+--------+--------+-----+--------+
         Total |  10834 |  10494 |    340 |   1138 |   7816 |  11 |  984.9 |
       Dungeon |  10571 |  10235 |    336 |   1028 |   7816 |   9 | 1174.6 |
        Temple |     10 |      6 |      4 |      0 |      0 |   1 |   10.0 |
        Bailey |    252 |    252 |      0 |    110 |      0 |   1 |  252.0 |
               +--------+--------+--------+--------+--------+-----+--------+

Top non-repeatable levels by time:
     D:7: 2077 daAuts
     D:4: 1942 daAuts
     D:1: 1565 daAuts
     D:5: 1514 daAuts
     D:2: 1108 daAuts
     D:3: 1060 daAuts
     D:6: 642 daAuts
     D:8: 506 daAuts
  Bailey: 252 daAuts
     D:9: 153 daAuts
  Temple: 10 daAuts
